← All builds
Geo / Cortex / Economy first / OBSERVED BUILD

Standard geo

Cortex Geo build order · Supreme Isthmus

Standard Cortex Geo play: fast geothermal and advanced geothermal into T2 bot lab, blowing up the commander for T2 and supplying teammates with constructors and rez bots while bringing Sheldons and other T2 bots to front.

Usually blows up the commander for T2 (71%)

#eco #t2 #team support · 247 distinct matches · 92 players · 32% of Cortex Geo games · team won 44% of 253 · Recently observed

THE CATCH, AND WHAT COMES WITH IT
  • ArbiterArbiter in 41%18% of all Geo games by then
  • SumoSumo in 40%16% of all Geo games by then

Then transitions into Sheldon (25% of army), Sumo (9% of army).

HOW TO PLAY IT

Key timing: T2 bot lab by 8:03

  1. Open 3 mex into early Bot Lab and solar.
  2. Bring geothermal online fast to fund the tech rush.
  3. Finish Advanced Bot Lab to unlock T2 bot units.
  4. Push Sheldon (and Arbiter, Sumo) to front as the first T2 units.
  5. Switch into T2 construction bots to supply allies with T2 cons.

Phase by phase

TYPICAL OF ITS 247 GAMES · AGAINST STANDARD GEO
  1. 1
  2. 2
  3. 3
  4. 4
PLAY THE OPENING

Follow the example game's first 6:00 step by step: what to build now, what comes next, and where it goes. At 1× it keeps pace with your own game.

  1. 1

    Up to the Bot Lab

    Economy
    • Metal Extractor3Mex
    • Wind Turbine4Wind
    Order
    1. Bot LabBot Lab after 3 mex, 4 winddone ~1:13, middle half 0:57–1:23

    By 0:55 in all: 3 mex · 4 wind

    The example game in this phase · 4 steps
    1. Mex ×3
    2. Wind ×2
    3. Windfor Air
    4. Bot LabBot Labdone 1:14 · typical 1:13
  2. 2

    Bot Lab to 5:00

    Economy
    • Metal Extractor1Mex
    • Wind Turbine4Wind−4 vs standard
    • Energy Converter8Converter
    • Energy Storage1Energy storage
    Order
    1. Geothermal PowerplantGeo after 4 mex, 6 wind, 1 energy storage
    2. Bot LabEat Bot Lab
    Builders
    • Construction Turret5 Con turret +3 vs standard
    • Graverobber4 Graverobber
    • Construction Bot2 Con bot
    • Construction Bot1 Con bot for allies
    • Graverobber1 Graverobber for allies

    By 5:00 in all: 4 mex · 7 wind (standard 10) · 1 geo · 8 converter · 1 energy storage · 5 con turret (standard 2)

    The example game in this phase · 15 steps
    1. GraverobberGraverobber ×2
    2. Wind ×2for Air
    3. Construction BotCon bot
    4. GraverobberGraverobberfor Beach sea
    5. Construction BotCon bot
    6. Construction BotCon botfor Beach sea
    7. Mex
    8. GraverobberGraverobber
    9. Geothermal PowerplantGeodone 3:20 · typical 3:25
    10. Energy storage
    11. Con turret ×2
    12. Energy storage
    13. Con turret ×2
    14. Bot LabEat Bot Labreclaimed for its metal
    15. Con turret ×2
  3. 3

    5:00 to Advanced Bot Lab

    Economy
    • Wind Turbine2Wind−2 vs standard
    • Energy Converter2Converter
    Order
    1. Advanced Geothermal PowerplantAdvanced Geothermal Powerplant after 9 wind, 12 converter, 6 con turretin 61% of games
    2. Advanced Bot LabAdvanced Bot Lab after 13 wind, 12 converter, 6 con turretdone ~7:55, middle half 7:31–8:28

    Some games also: con turret (49%)

    By 7:14 in all: 4 mex · 12 wind · 1 geo · 1 Advanced Geothermal Powerplant · 12 converter (standard 8) · 1 energy storage

    The example game in this phase · 31 steps
    1. Converter ×8
    2. Advanced Metal ExtractorT2 mex ×3done 5:38 · typical 5:38
    3. ShipyardShipyarddone 6:12
    4. Advanced Metal ExtractorT2 mex
    5. Wind
    6. Construction ShipCon ship
    7. Wind ×2
    8. Advanced Geothermal PowerplantAdvanced Geothermal Powerplantdone 7:39 · typical 7:16
    9. Wind
    10. ShipyardEat Shipyardreclaimed for its metal
    11. Wind
    12. Seaplane PlatformSeaplane Platformdone 7:57
    13. Con turret
    14. Dam BusterSeaplane bomber
    15. Con turret ×2
    16. Dam BusterSeaplane bomber ×4
    17. Vehicle PlantVehicle Plantdone 8:40
    18. Dam BusterSeaplane bomber
    19. IncisorIncisor
    20. Dam BusterSeaplane bomber
    21. IncisorIncisor
    22. Twin GuardTwin Guard
    23. IncisorIncisor
    24. Dam BusterSeaplane bomber ×2
    25. IncisorIncisor ×2
    26. Dam BusterSeaplane bomber
    27. IncisorIncisor
    28. CutlassSeaplane gunship
    29. WatcherRadar plane
    30. IncisorIncisor
    31. Advanced Bot LabAdvanced Bot Labdone 10:06 · typical 7:55
  4. 4

    Advanced Bot Lab to 10:00

    Economy
    • Energy Converter3Converter+3 vs standard
    Army
    • Sheldon3 Sheldon +3 vs standard
    • Augur1 Radar bot

    Some games also: jammer bot (49%) · T2 con bot for allies (46%) · wind (38%) · con turret (35%) · crawling bomb (33%)

    By 10:00 in all: 4 mex · 17 wind · 1 geo · 1 Advanced Geothermal Powerplant · 16 converter (standard 10) · 1 energy storage

    The example game in this phase · 49 steps
    1. CutlassSeaplane gunship
    2. Vehicle PlantEat Vehicle Plantreclaimed for its metal
    3. CutlassSeaplane gunship ×5
    4. Advanced Construction BotT2 con botfor Front
    5. CutlassSeaplane gunship
    6. FiendFiend ×2
    7. Seaplane PlatformEat Seaplane Platformreclaimed for its metal
    8. FiendFiend ×4
    9. SkuttleCrawling bombdone 11:24
    10. AugurRadar bot
    11. DeceiverJammer bot
    12. SheldonSheldondone 11:40 · typical 8:41
    13. Con turret
    14. SheldonSheldon
    15. Con turret
    16. SheldonSheldon ×3
    17. SpectreSpectre
    18. SheldonSheldon ×5
    19. SumoSumo ×2done 12:35
    20. ArbiterArbiterdone 12:47
    21. SheldonSheldon
    22. Con turret
    23. SheldonSheldon ×2
    24. Con turret
    25. SumoSumo
    26. Wind
    27. ArbiterArbiter
    28. Wind ×3
    29. SheldonSheldon
    30. Wind ×2
    31. Converter
    32. Wind
    33. FiendFiend
    34. Wind ×3
    35. FiendFiend
    36. Wind ×2
    37. FiendFiend
    38. Converter
    39. Wind
    40. FiendFiend
    41. Wind
    42. FiendFiend
    43. Wind ×2
    44. FiendFiend
    45. Wind
    46. Converter
    47. FiendFiend
    48. Converter
    49. Wind

Counts are medians over the build's games: half of them build more, half fewer. The example game is krtf's (48 OS, 07/10/2026); pick another.

Team trades

IN AT LEAST 30% OF ITS GAMES

You hand over

  • Graverobber1 Graverobber to Beach seafirst at 2:20 · in 79% of games
  • Construction Bot1 Con bot to Beach seafirst at 2:36 · in 88% of games
  • Advanced Construction Bot1 T2 con bot to Suicide front or Frontfirst at 8:39 · in 55% of games

You get

  • Advanced Construction Bot1 T2 con bot from Techfirst at 4:55 · in 93% of games

How it plays out

Typical game of this build, running totals by minute

Metal produced

020k40k
0:005:0010:0015:00

metal

Enemy metal destroyed

05k10k
0:005:0010:0015:00

metal

Own metal lost

02k4k6k
0:005:0010:0015:00

metal

253 games.

Show as table
ByMetal produced: This buildEnemy metal destroyed: This buildOwn metal lost: This build
1:0034200
2:0087000
3:00150100
4:00266400
5:00369400
6:00558600
7:00789300
8:001096400
9:00138802143
10:0016789313190
11:00196141104750
12:002268622361400
13:002558940442390
14:002842358154283
15:003139578815630
WHAT THE NUMBERS SAY

Standard geo play wins less than half its games but builds a big eco lead, reaching nearly 31.5k metal production by 15:00.

  • + Metal production hits 16919 by 10:00, well ahead of most roles.
  • + Own metal lost stays near zero (260) by 10:00, a very safe tech rush.
  • − Team wins under half of games (46%).
  • − Enemy metal destroyed stays low (423) by 10:00, showing slow early impact.
THE EXAMPLE YOU ARE READING

krtf

48.2 OS · 07/10/2026

Open source match ↗

3 received units · includes a constructor
1483 metal received · 35140 energy received

Allied construction assistance is unknown. Timings are observations, not a promise of solo reproducibility.

Typical milestones

Bot Lab1:13Middle 50%: 0:57–1:23 · n=252
Geothermal Powerplant3:25Middle 50%: 3:09–3:44 · n=252
Advanced Metal Extractor5:38Middle 50%: 5:20–6:03 · n=234
Advanced Geothermal Powerplant7:16Middle 50%: 6:53–7:46 · n=170
Advanced Bot Lab7:55Middle 50%: 7:31–8:28 · n=198
Sheldon8:41Middle 50%: 8:03–9:14 · n=168

Played most by

_Hawkey_20games of this buildzeus_on_god13games of this buildRogShotz12games of this buildGodmother139games of this buildViltrum9games of this build